TOP OF THE 1ST |
Beloit Snappers batting - Pitching for Bowling Green Hot Rods : RHP Greg Spaulding
|
Pitching: RHP Greg Spaulding
|
|
Batting: RHB Matt Sherard
|
0-0: Fly out, F7 (Line Drive, 7D, EV 98.1 MPH)
|
Batting: RHB Moses Brokken
|
0-0: Ball 1-0: Ball 2-0: Ground out 5-3 (Groundball, 56S, EV 73.8 MPH)
|
Batting: RHB Scott Wiggs
|
0-0: Called Strike 0-1: Ball 1-1: Foul Ball, location: 2F 1-2: Foul Ball, location: 2F 1-2: Ball 2-2: Strikes out swinging, 2-3 out at first.
|
Top of the 1st over - 0 runs, 0 hits, 0 errors, 0 left on base; Beloit 0 - Bowling Green 0 |
BOTTOM OF THE 1ST |
Bowling Green Hot Rods batting - Pitching for Beloit Snappers : RHP Miguel Estrada
|
Pitching: RHP Miguel Estrada
|
|
Batting: LHB Jeremy Burton
|
0-0: Ball 1-0: Fly out, F7 (Line Drive, 7, EV 91.2 MPH)
|
Batting: LHB Mario Ocana
|
0-0: Ball 1-0: Foul Ball, location: 2F 1-1: Ball 2-1: Foul Ball, location: 2F 2-2: Fly out, F6 (Popup, 6, EV 66.9 MPH)
|
Batting: RHB Adam Kaeser
|
0-0: Ball 1-0: Ground out 5-3 (Groundball, 56S, EV 74.4 MPH)
|
Bottom of the 1st over - 0 runs, 0 hits, 0 errors, 0 left on base; Beloit 0 - Bowling Green 0 |
TOP OF THE 2ND |
Beloit Snappers batting - Pitching for Bowling Green Hot Rods : RHP Greg Spaulding
|
Batting: RHB Manny Vizzerra
|
0-0: Foul Ball, location: 2F 0-1: Ball 1-1: Ball 2-1: Swinging Strike 2-2: Strikes out swinging
|
Batting: LHB Mario Cardona
|
0-0: Ball 1-0: Ball 2-0: Called Strike 2-1: Swinging Strike 2-2: Strikes out swinging
|
Batting: RHB Rick Linders
|
0-0: Ball 1-0: Ball 2-0: Called Strike 2-1: Foul Ball, location: 2F 2-2: Strikes out swinging
|
Top of the 2nd over - 0 runs, 0 hits, 0 errors, 0 left on base; Beloit 0 - Bowling Green 0 |
BOTTOM OF THE 2ND |
Bowling Green Hot Rods batting - Pitching for Beloit Snappers : RHP Miguel Estrada
|
Batting: RHB David Ward
|
0-0: Ball 1-0: DOUBLE (Groundball, 5L, EV 96.9 MPH)
|
Batting: RHB Paul Landes
|
0-0: Called Strike 0-1: Called Strike 0-2: Strikes out swinging
|
Batting: SHB Julio Hernandez
|
0-0: Foul Ball, location: 2F 0-1: Swinging Strike 0-2: Foul Ball, location: 2F 0-2: Foul Ball, location: 2F 0-2: Ball 1-2: Foul Ball, location: 2F 1-2: Ball 2-2: Ground out 1-3 (Groundball, 13, EV 76.2 MPH) David Ward to third
|
Batting: LHB Jimmy Detrie
|
0-0: Swinging Strike 0-1: Ground out 5-3 (Groundball, 5, EV 109.4 MPH)
|
Bottom of the 2nd over - 0 runs, 1 hit, 0 errors, 1 left on base; Beloit 0 - Bowling Green 0 |
TOP OF THE 3RD |
Beloit Snappers batting - Pitching for Bowling Green Hot Rods : RHP Greg Spaulding
|
Batting: SHB Jose Nava
|
0-0: Ball 1-0: Foul Ball, location: 2F 1-1: Ball 2-1: Foul Ball, location: 2F 2-2: Ground out 6-3 (Groundball, 6M, EV 83.1 MPH)
|
Batting: LHB Raita Inouye
|
0-0: Ground out U3 (Groundball, 34, EV 103.8 MPH)
|
Batting: RHB Justin Menotti
|
0-0: Ground out 4-3 (Groundball, 4, EV 83.1 MPH)
|
Top of the 3rd over - 0 runs, 0 hits, 0 errors, 0 left on base; Beloit 0 - Bowling Green 0 |
BOTTOM OF THE 3RD |
Bowling Green Hot Rods batting - Pitching for Beloit Snappers : RHP Miguel Estrada
|
Batting: RHB Steve Byerly
|
0-0: Ball 1-0: Fly out, F7 (Flyball, 78M, EV 89.4 MPH)
|
Batting: RHB Kevin Benfield
|
0-0: Foul Ball, location: 2F 0-1: Foul Ball, location: 2F 0-2: SINGLE (Line Drive, 89S, EV 95.6 MPH)
|
Batting: LHB Jeremy Burton
|
0-0: Ball 1-0: Called Strike 1-1: Ball 2-1: SINGLE (Line Drive, 3D, EV 98.8 MPH) Kevin Benfield to second
|
Batting: LHB Mario Ocana
|
0-0: Called Strike 0-1: Ball 1-1: Ball 2-1: Swinging Strike 2-2: Strikes out swinging
|
Batting: RHB Adam Kaeser
|
0-0: Ball 1-0: Ball 2-0: Called Strike 2-1: Ball 3-1: Base on Balls Kevin Benfield to third Jeremy Burton to second
|
Batting: RHB David Ward
|
0-0: Ball 1-0: Ball 2-0: Ball 3-0: Base on Balls Kevin Benfield scores Jeremy Burton to third Adam Kaeser to second
|
Batting: RHB Paul Landes
|
0-0: Ball 1-0: Called Strike 1-1: Foul Ball, location: 2F 1-2: Foul Ball, location: 2F 1-2: Ball 2-2: Ball 3-2: Base on Balls Jeremy Burton scores Adam Kaeser to third David Ward to second
|
Batting: SHB Julio Hernandez
|
0-0: Ball 1-0: Ground out 4-3 (Groundball, 4S, EV 79.4 MPH)
|
Bottom of the 3rd over - 2 runs, 2 hits, 0 errors, 3 left on base; Beloit 0 - Bowling Green 2 |
TOP OF THE 4TH |
Beloit Snappers batting - Pitching for Bowling Green Hot Rods : RHP Greg Spaulding
|
Batting: RHB Matt Sherard
|
0-0: Ball 1-0: Ball 2-0: Ball 3-0: Called Strike 3-1: Called Strike 3-2: Foul Ball, location: 2F 3-2: Fly out, F7 (Flyball, 7, EV 84.4 MPH)
|
Batting: RHB Moses Brokken
|
0-0: Foul Ball, location: 2F 0-1: Ball 1-1: Swinging Strike 1-2: Ball 2-2: Strikes out swinging
|
Batting: RHB Scott Wiggs
|
0-0: Ball 1-0: Foul Ball, location: 2F 1-1: Called Strike 1-2: Foul Ball, location: 2F 1-2: Strikes out looking
|
Top of the 4th over - 0 runs, 0 hits, 0 errors, 0 left on base; Beloit 0 - Bowling Green 2 |
BOTTOM OF THE 4TH |
Bowling Green Hot Rods batting - Pitching for Beloit Snappers : RHP Miguel Estrada
|
Batting: LHB Jimmy Detrie
|
0-0: Fly out, F4 (Flyball, 3D, EV 93.1 MPH)
|
Batting: RHB Steve Byerly
|
0-0: Foul Ball, location: 2F 0-1: SINGLE (Line Drive, 3D, EV 93.8 MPH)
|
Batting: RHB Kevin Benfield
|
0-0: Grounds into double play, 5-4-3 (Groundball, 5, EV 109.4 MPH)
|
Bottom of the 4th over - 0 runs, 1 hit, 0 errors, 0 left on base; Beloit 0 - Bowling Green 2 |
TOP OF THE 5TH |
Beloit Snappers batting - Pitching for Bowling Green Hot Rods : RHP Greg Spaulding
|
Batting: RHB Manny Vizzerra
|
0-0: Swinging Strike 0-1: Ball 1-1: Ball 2-1: Foul Ball, location: 2F 2-2: Strikes out swinging
|
Batting: LHB Mario Cardona
|
0-0: DOUBLE (Line Drive, 5D, EV 93.8 MPH)
|
Batting: RHB Rick Linders
|
0-0: Fly out, F8 (Line Drive, 8RM, EV 90.6 MPH)
|
Batting: SHB Jose Nava
|
0-0: Called Strike 0-1: Ball 1-1: Called Strike 1-2: Ball 2-2: Strikes out swinging
|
Top of the 5th over - 0 runs, 1 hit, 0 errors, 1 left on base; Beloit 0 - Bowling Green 2 |
BOTTOM OF THE 5TH |
Bowling Green Hot Rods batting - Pitching for Beloit Snappers : RHP Miguel Estrada
|
Batting: LHB Jeremy Burton
|
0-0: Called Strike 0-1: Ball 1-1: Ball 2-1: Ground out 2-3 (Groundball, 15S, EV 59.4 MPH)
|
Batting: LHB Mario Ocana
|
0-0: Ball 1-0: Ball 2-0: Foul Ball, location: 2F 2-1: Ball 3-1: Base on Balls
|
Batting: RHB Adam Kaeser
|
0-0: Foul Ball, location: 2F 0-1: Ball Wild Pitch! Mario Ocana to second 1-1: Called Strike 1-2: Ball 2-2: Ground out 4-3 (Groundball, 4, EV 80.6 MPH) Mario Ocana to third
|
Batting: RHB David Ward
|
0-0: Swinging Strike 0-1: Ball 1-1: Ball 2-1: Swinging Strike 2-2: Foul Ball, location: 2F 2-2: Ball 3-2: Base on Balls
|
Batting: RHB Paul Landes
|
0-0: Ball 1-0: Foul Ball, location: 2F 1-1: Ball 2-1: Ball 3-1: Foul Ball, location: 2F 3-2: 3-RUN HOME RUN (Flyball, 7D, EV 105.0 MPH), Distance : 394 ft
|
Pitching: RHP James Blaisdell
|
|
Batting: SHB Julio Hernandez
|
0-0: SINGLE (Groundball, 4MD, EV 99.4 MPH)
|
Batting: LHB Jimmy Detrie
|
0-0: Ball 1-0: Called Strike 1-1: Ball Julio Hernandez steals 2nd base (no throw) 2-1: Called Strike 2-2: Ball 3-2: DOUBLE (Groundball, 3L, EV 97.5 MPH) Julio Hernandez scores
|
Batting: RHB Steve Byerly
|
0-0: Ground out 5-3 (Groundball, 56, EV 98.1 MPH)
|
Bottom of the 5th over - 4 runs, 3 hits, 0 errors, 1 left on base; Beloit 0 - Bowling Green 6 |
TOP OF THE 6TH |
Beloit Snappers batting - Pitching for Bowling Green Hot Rods : RHP Greg Spaulding
|
Batting: LHB Raita Inouye
|
0-0: Ball 1-0: Foul Ball, location: 2F 1-1: Called Strike 1-2: Strikes out looking
|
Batting: RHB Justin Menotti
|
0-0: Ball 1-0: Foul Ball, location: 2F 1-1: Fly out, F8 (Flyball, 8LXD, EV 103.1 MPH)
|
Batting: RHB Matt Sherard
|
0-0: Ball 1-0: Ball 2-0: Called Strike 2-1: Foul Ball, location: 2F 2-2: Fly out, F9 (Flyball, 9, EV 85.6 MPH)
|
Top of the 6th over - 0 runs, 0 hits, 0 errors, 0 left on base; Beloit 0 - Bowling Green 6 |
BOTTOM OF THE 6TH |
Bowling Green Hot Rods batting - Pitching for Beloit Snappers : RHP James Blaisdell
|
Batting: RHB Kevin Benfield
|
0-0: Ball 1-0: Ball 2-0: Foul Ball, location: 2F 2-1: Ball 3-1: Fly out, F8 (Flyball, 8RD, EV 78.1 MPH)
|
Batting: LHB Jeremy Burton
|
0-0: Called Strike 0-1: Ball 1-1: SINGLE (Groundball, 25, EV 63.8 MPH) (infield hit)
|
Batting: LHB Mario Ocana
|
0-0: Ball 1-0: Called Strike Jeremy Burton steals 2nd base 1-1: Ball 2-1: Swinging Strike 2-2: Ball 3-2: Base on Balls
|
Batting: RHB Adam Kaeser
|
0-0: Ball 1-0: Called Strike 1-1: Fly out, F7 (Flyball, 7LS, EV 83.1 MPH)
|
Batting: RHB David Ward
|
0-0: Ball 1-0: Ball 2-0: Ball 3-0: Base on Balls Jeremy Burton to third Mario Ocana to second
|
Batting: RHB Paul Landes
|
0-0: Ground out 1-3 (Groundball, 15S, EV 60.6 MPH)
|
Bottom of the 6th over - 0 runs, 1 hit, 0 errors, 3 left on base; Beloit 0 - Bowling Green 6 |
TOP OF THE 7TH |
Beloit Snappers batting - Pitching for Bowling Green Hot Rods : RHP Greg Spaulding
|
Batting: RHB Moses Brokken
|
0-0: Ball 1-0: Called Strike 1-1: Foul Ball, location: 2F 1-2: Foul Ball, location: 2F 1-2: Strikes out looking
|
Batting: RHB Scott Wiggs
|
0-0: Ball 1-0: Ball 2-0: Fly out, F6 (Popup, 6MS, EV 76.9 MPH)
|
Batting: RHB Manny Vizzerra
|
0-0: Ball 1-0: Ball 2-0: Ball 3-0: Base on Balls
|
Batting: LHB Mario Cardona
|
0-0: Ball 1-0: Called Strike 1-1: Foul Ball, location: 2F 1-2: Ball 2-2: Fielders Choice at 2nd, 5-4 (Groundball, 56, EV 104.4 MPH)
|
Top of the 7th over - 0 runs, 0 hits, 0 errors, 1 left on base; Beloit 0 - Bowling Green 6 |
BOTTOM OF THE 7TH |
Bowling Green Hot Rods batting - Pitching for Beloit Snappers : RHP James Blaisdell
|
Batting: SHB Julio Hernandez
|
0-0: Ground out 4-3 (Groundball, 34, EV 103.1 MPH)
|
Batting: LHB Jimmy Detrie
|
0-0: SINGLE (Flyball, 8RS, EV 83.1 MPH)
|
Pitching: LHP Dan Gatlin
|
|
Batting: RHB Steve Byerly
|
0-0: Grounds into double play, 4-6-3 (Groundball, 4, EV 89.4 MPH)
|
Bottom of the 7th over - 0 runs, 1 hit, 0 errors, 0 left on base; Beloit 0 - Bowling Green 6 |
TOP OF THE 8TH |
Beloit Snappers batting - Pitching for Bowling Green Hot Rods : RHP Greg Spaulding
|
Batting: RHB Rick Linders
|
0-0: Called Strike 0-1: Fly out, F8 (Flyball, 8LM, EV 86.2 MPH)
|
Batting: SHB Jose Nava
|
0-0: Ball 1-0: Ball 2-0: Called Strike 2-1: SINGLE (Groundball, 6MS, EV 65.0 MPH) (infield hit)
|
Batting: LHB Raita Inouye
|
0-0: Called Strike 0-1: Fielders Choice at 2nd, 4-6 (Groundball, 34, EV 86.2 MPH)
|
Pinch Hitting: LHB Nick Pacheco
|
0-0: 2-RUN HOME RUN (Flyball, 9D, EV 93.8 MPH), Distance : 348 ft
|
Batting: RHB Matt Sherard
|
0-0: Foul Ball, location: 2F 0-1: Foul Ball, location: 2F 0-2: Strikes out swinging
|
Top of the 8th over - 2 runs, 2 hits, 0 errors, 0 left on base; Beloit 2 - Bowling Green 6 |
BOTTOM OF THE 8TH |
Bowling Green Hot Rods batting - Pitching for Beloit Snappers : LHP Dan Gatlin
|
Now at 3B: Travis Lanctot
|
|
Batting: RHB Kevin Benfield
|
0-0: Called Strike 0-1: Ball 1-1: Ball 2-1: Foul Ball, location: 2F 2-2: DOUBLE (Flyball, 8LXD, EV 94.4 MPH)
|
Batting: LHB Jeremy Burton
|
0-0: Called Strike 0-1: Ball 1-1: Ball 2-1: Ball 3-1: Called Strike 3-2: Fly out, F5 (Line Drive, 5, EV 69.4 MPH)
|
Batting: LHB Mario Ocana
|
0-0: Called Strike 0-1: Ground out 6-3 (Groundball, 6M, EV 91.2 MPH) Kevin Benfield to third
|
Batting: RHB Adam Kaeser
|
0-0: Ball 1-0: Ball 2-0: Foul Ball, location: 2F 2-1: Called Strike 2-2: Strikes out looking
|
Bottom of the 8th over - 0 runs, 1 hit, 0 errors, 1 left on base; Beloit 2 - Bowling Green 6 |
TOP OF THE 9TH |
Beloit Snappers batting - Pitching for Bowling Green Hot Rods : RHP Greg Spaulding
|
Batting: RHB Moses Brokken
|
0-0: Ground out 5-3 (Groundball, 5, EV 100.6 MPH)
|
Batting: RHB Scott Wiggs
|
0-0: Foul Ball, location: 2F 0-1: Ball 1-1: Called Strike 1-2: Ground out 4-3 (Groundball, 4D, EV 90.6 MPH)
|
Pitching: RHP Virgil Laverick
|
|
Batting: RHB Manny Vizzerra
|
0-0: Ball 1-0: Called Strike 1-1: Foul Ball, location: 2F 1-2: Fly out, F9 (Line Drive, 9, EV 99.4 MPH)
|
Top of the 9th over - 0 runs, 0 hits, 0 errors, 0 left on base; Beloit 2 - Bowling Green 6 |
|